 Dungeon Sprint DCSS version 0.27-a0-1502-g47ed6a6988 (webtiles) character file.

Game seed: 4412555235328016049

45 mhtbhm the Skirmisher (level 3, 0/36 HPs)
             Began as a Hill Orc Fighter on July 9, 2021.
             Was a Priest of Qazlal.
             Slain by a gnoll sergeant (2 damage)
             ... in the Dungeon (Sprint VII: "The Pits").
             The game lasted 00:00:50 (154 turns).

mhtbhm the Skirmisher (Hill Orc Fighter)             Turns: 154, Time: 00:00:51

Health: 0/36       AC:  7    Str: 19    XL:     3   Next: 64%
Magic:  3/4        EV:  7    Int:  8    God:    Qazlal [***...]
Gold:   0          SH: 13    Dex: 10    Spells: 2/2 levels left

rFire    . . .     SeeInvis .   a - +2 hand axe
rCold    . . .     Faith    .   c - +0 kite shield
rNeg     . . .     Spirit   .   b - +0 scale mail
rPois    .         Reflect  .   (no helmet)
rElec    .         Harm     .   (no cloak)
rCorr    .         Rampage  .   (no gloves)
Will     .....     NoTele   +   (no boots)
Stlth    ..........             (no amulet)
HPRegen  0.12/turn              (no ring)
MPRegen  0.09/turn              (no ring)

@: no status effects
A: no striking features
a: Renounce Religion, Upheaval, Elemental Force


You were in the Dungeon.
You worshipped Qazlal.
Qazlal was most pleased with you.
You visited 1 branch

Inventory:

Hand Weapons
 a - a +2 hand axe (weapon)
Armour
 b - a +0 scale mail (worn)
 c - a +0 kite shield (worn)
Scrolls
 j - a scroll of blinking
 l - 5 scrolls of amnesia
 m - a scroll of summoning
Potions
 d - a potion of might
 e - a potion of curing
 g - a potion of haste
 h - 4 potions of magic
 i - 3 potions of berserk rage
 k - 2 potions of invisibility


   Skills:
 + Level 5.4 Fighting
 + Level 4.5 Axes
 + Level 5.0 Armour
 + Level 0.2 Dodging
 + Level 5.1 Shields
 * Level 1.8 Invocations


You had 2 spell levels left.
You didn't know any spells.
Your spell library was empty.

Dungeon Overview and Level Annotations

Branches:
Dungeon (1/1)

Altars:
Ashenzari
Cheibriados
Dithmenos
Elyvilon
Fedhas
Gozag
Hepliaklqana
Kikubaaqudgha
Makhleb
Nemelex Xobeh
Okawaru
Qazlal
Ru
Sif Muna
Trog
Uskayaw
Vehumet
Wu Jian
Xom
Yredelemnul
Zin
The Shining One
Beogh
Jiyva
Lugonu


Message History

The gnoll completely misses you. The gnoll barely misses you.
You block the gnoll sergeant's attack.
You closely miss the gnoll.
The gnoll is moderately wounded.
The gnoll hits you but does no damage. x2
The gnoll sergeant hits you from afar with a +0 spear.
Unknown command.
You hit the gnoll.
The gnoll is moderately wounded.
The gnoll is engulfed in blazing flames.
You kill the gnoll!
Qazlal accepts your kill.
The gnoll hits you from afar with a +0 spear.
The gnoll sergeant barely misses you. You block the gnoll's attack.
Your Armour skill increases to level 5!
Your Shields skill increases to level 5!
Unknown command.
You block the gnoll sergeant's attack.
There is an open door, spattered with blood here.
A gnoll is nearby!
Unknown command.
The gnoll hits you with a +0 whip.
You hit the gnoll.
The gnoll is moderately wounded.
You block the gnoll's attack. The gnoll hits you with a +0 whip.
You closely miss the gnoll.
The gnoll is moderately wounded.
The gnoll hits you with a +0 whip.
You barely miss the gnoll.
The gnoll is moderately wounded.
You block the gnoll's attack. You block the gnoll sergeant's attack.
The gnoll hits you with a +0 whip!
* * * LOW HITPOINT WARNING * * *
You closely miss the gnoll.
The gnoll is moderately wounded.
The gnoll sergeant hits you from afar with a +0 spear.
* * * LOW HITPOINT WARNING * * *
The gnoll barely misses you.
The gnoll sergeant hits you from afar with a +0 spear.
You die...

#_________.#
#_______...###########+
##########'##..........
#.?(.')))'.##......#..#
##########.##..........
#.....†.....'..........
#+#####'#####......#..#
#..#☼.#..##..........
#..g@.†..#####'#####+
##g####+###.......#
#g.......##.......#
#....g...##.......#
#####+#####...<...#
#.......# #.......#
#.......# #########


You could see a gnoll sergeant and 2 gnolls.

Vanquished Creatures
  A gnoll (D)
  2 adders (D)
  An ufetubus (D)
  A bat (D)
  A giant cockroach (D)
  A hobgoblin (D)
  4 jackals (D)
  2 ball pythons (D)
13 creatures vanquished.

Notes
Turn   | Place    | Note
-------+----------+-------------------------------------------
     0 | D        | mhtbhm the Hill Orc Fighter began the quest for the Orb.
     0 | D        | Reached XP level 1. HP: 19/19 MP: 1/1
    16 | D        | Reached XP level 2. HP: 28/28 MP: 2/2
    20 | D        | Found a bloodstained altar of Trog.
    20 | D        | Found a shimmering blue altar of Sif Muna.
    20 | D        | Found a viscous altar of Jiyva.
    20 | D        | Found a hazy altar of Hepliaklqana.
    20 | D        | Found an opulent altar of Gozag.
    21 | D        | Found a glowing golden altar of the Shining One.
    21 | D        | Found a glowing silver altar of Zin.
    21 | D        | Found a basalt altar of Yredelemnul.
    21 | D        | Found a shimmering altar of Xom.
    21 | D        | Found an ornate altar of the Wu Jian Council.
    21 | D        | Found a sacrificial altar of Ru.
    21 | D        | Found a stormy altar of Qazlal.
    21 | D        | Found an iron altar of Okawaru.
    21 | D        | Found a sparkling altar of Nemelex Xobeh.
    21 | D        | Found a burning altar of Makhleb.
    21 | D        | Found a blossoming altar of Fedhas.
    21 | D        | Found a white marble altar of Elyvilon.
    21 | D        | Found a shadowy altar of Dithmenos.
    21 | D        | Found a snail-covered altar of Cheibriados.
    24 | D        | Found a corrupted altar of Lugonu.
    24 | D        | Found a radiant altar of Vehumet.
    24 | D        | Found a roughly hewn altar of Beogh.
    25 | D        | Found an ancient bone altar of Kikubaaqudgha.
    25 | D        | Found a hide-covered altar of Uskayaw.
    25 | D        | Found a broken altar of Ashenzari.
    36 | D        | Became a worshipper of Qazlal Stormbringer
    81 | D        | Reached * piety under Qazlal
   116 | D        | Reached ** piety under Qazlal
   125 | D        | Reached skill level 5 in Fighting
   128 | D        | Reached XP level 3. HP: 34/36 MP: 3/3
   130 | D        | Noticed a gnoll sergeant
   137 | D        | Reached *** piety under Qazlal
   138 | D        | Reached skill level 1 in Invocations
   146 | D        | Reached skill level 5 in Armour
   146 | D        | Reached skill level 5 in Shields
   154 | D        | Slain by a gnoll sergeant

Illustrated notes

Levels and vault maps discovered:
D:        pitsprint [storerooms_1, entrance_room_1, metal_vault_6, armoury_2,
          mini_pit_1, grid_room_1, main_hall_1, silver_pit, the_coven_1,
          the_vestibule_1, steel_vault_2, golden_pit, hallway_of_sentries,
          crystal_vault_1, iron_vault_4, final_vault]

Skill      XL: |  1  2  3 |
---------------+----------+-----
Fighting       | 4 5 |  5.4
Axes           | 3 4 |  4.5
Armour         | 4 5 |  5.0
Shields        | 4 5 |  5.1
Invocations    | 1 |  1.8
Dodging        | |  0.2

Action                   || total
-------------------------++-------
Melee: War axe           ||     1
       Hand axe          ||    28
  Use: Potion            ||     1
Armor: Scale mail        ||    17
Dodge: Dodged            ||    12
Block: Kite shield       ||    30

Table legend: (Time is in decaauts)
 A = Elapsed time spent in this place.
 B = Non-inter-level travel time spent in this place.
 C = Inter-level travel time spent in this place.
 D = Time resting spent in this place.
 E = Time spent auto-exploring this place.
 F = Levels seen in this place.
 G = Mean time per level.
                   A        B        C        D        E       F      G
               +--------+--------+--------+--------+--------+-----+--------+
         Total |    162 |    162 |      0 |     28 |      0 |   1 |  162.0 |
       Dungeon |    162 |    162 |      0 |     28 |      0 |   1 |  162.0 |
               +--------+--------+--------+--------+--------+-----+--------+

Top non-repeatable levels by time:
       D: 162 daAuts
